 Dungeon Crawl Stone Soup version 0.29.0 (webtiles) character file.

Game seed: 16070378146457897749

5 ProzacElf the Trooper (level 1, 0/19 HPs)
             Began as a Palentonga Fighter on Aug 25, 2022.
             Slain by a hobgoblin (2 damage)
             ... on level 1 of the Dungeon.
             The game lasted 00:01:13 (241 turns).

ProzacElf the Trooper (Palentonga Fighter)           Turns: 241, Time: 00:01:14

Health: 0/19       AC:  6    Str: 21    XL:     1   Next: 66%
Magic:  1/1        EV:  7    Int: 14    God:
Gold:   0          SH:  4    Dex:  9    Spells: 0/0 levels left

rFire   . . .      SeeInvis +   a - +0 war axe
rCold   . . .      Faith    .   c - +0 buckler
rNeg    . . .      Spirit   .   b - +0 scale mail
rPois   .          Reflect  .   (no helmet)
rElec   .          Harm     .   (no cloak)
rCorr   .          Rampage  .   (no gloves)
Will    .....                   (no barding)
Stlth   ..........              (no amulet)
HPRegen 0.06/turn               e - +6 ring of intelligence
MPRegen 0.07/turn               (no ring)

@: no status effects
A: large, rugged brown scales 3, see invisible, deformed body, roll 1, armoured
tail
a: Rolling Charge


You were on level 1 of the Dungeon.
You visited 1 branch of the dungeon, and saw 1 of its levels.

Inventory:

Hand Weapons
 a - a +0 war axe (weapon)
Armour
 b - a +0 scale mail (worn)
 c - a +0 buckler (worn)
Jewellery
 e - a +6 ring of intelligence (left hand)
Potions
 d - a potion of might
 f - a potion of heal wounds {unknown}
 g - a potion of curing {unknown}


   Skills:
 + Level 3.2 Fighting
 + Level 2.2 Axes
 - Level 2.4 Armour
 - Level 2.6 Shields


You couldn't memorise any spells.
You didn't know any spells.
Your spell library was empty.

Dungeon Overview and Level Annotations

Branches:
Dungeon (1/15)

Altars:


Innate Abilities, Weirdness & Mutations

You are completely covered in rugged brown scales. (AC +3, +7% HP)
You have supernaturally acute eyesight. (SInv)
Armour fits poorly on your strangely shaped body.
You can roll at nearby foes to attack.
You have a long armoured tail.


Message History

Tha jackal bites ye but does nay damage.
Tha jackal bites ye.
Ye take 3 damage, an' haf 7/19 hp.
Ye be too injured ta fight recklessly!
Tha jackal attacks as ye move away!
Tha jackal bites ye but does nay damage.
Tha jackal attacks as ye move away!
Tha jackal closely misses ye.
Tha jackal attacks as ye move away!
Tha jackal bites ye.
Tha jackal barely misses ye.
Tha jackal bites ye but does nay damage.
Ye take 1 damage, an' haf 6/19 hp.
Tha jackal attacks as ye move away!
Tha jackal bites ye but does nay damage.
Tha jackal attacks as ye move away!
Tha jackal bites ye.
* * * LOW HITPOINT WARNIN'
* * * Ye take 1 damage, an' haf 5/19 hp.
Tha jackal attacks as ye move away!
Tha jackal bites ye.
* * * LOW HITPOINT WARNIN'
* * * Tha jackal attacks as ye move away!
Tha jackal bites ye but does nay damage. x3
Ye take 2 damage, an' haf 3/19 hp.
Tha jackal attacks as ye move away!
Tha jackal bites ye but does nay damage.
Ye slash tha jackal!
Ye kill tha jackal!
Ye block tha jackal's attack.
Ye miss tha jackal.
Yer tail-slap misses tha jackal.
Tha jackal be almost dead.
Tha jackal bites ye.
* * * LOW HITPOINT WARNIN'
* * * Ye block tha jackal's attack.
Ye take 2 damage, an' haf 2/19 hp.
Ye closely miss tha jackal.
Tha jackal be almost dead.
Tha jackal bites ye but does nay damage.
Tha jackal closely misses ye.
Ye slash tha jackal!
Ye kill tha jackal!
Tha hobgoblin hits ye.
Ye die...

######## #......# ########
#####......#############......#
...†........................#.#
#####.......############.##.#.#
....'.......############....#.#
#####.......##.g@.............#
#.......##.################
#########.#.g.......
#......##.#..#######
#......##.#..# #......##.#..#
###......##+#..#
...............#
###......#.....#


You could see a hobgoblin.

Vanquished Creatures
  A goblin (D:1)
  2 hobgoblins (D:1)
  2 jackals (D:1)
5 creatures vanquished.

Notes
Turn   | Place    | Note
-------+----------+-------------------------------------------
     0 | D:1      | ProzacElf the Palentonga Fighter began the quest for the
                  | Orb.
     0 | D:1      | Reached XP level 1. HP: 19/19 MP: 1/1
   241 | D:1      | Slain by a hobgoblin

Illustrated notes

Levels and vault maps discovered:
D:1:      ncdulo_wetmaze, layout_basic, hellmonk_ecumenical_altar_lost_god,
          minmay_pentomino_o2

Action                   || total
-------------------------++-------
Melee: War axe           ||    23
Armor: Scale mail        ||    37
Dodge: Dodged            ||    15
Block: Buckler           ||     7
